[Event "5th Sharjah Masters 2022"]
[Site "Sharjah"]
[Date "2022.05.25"]
[Round "5.38"]
[White "Baenziger, Fabian"]
[Black "Al Hosani, Omran"]
[Result "1-0"]
[ECO "E11"]
[WhiteElo "2430"]
[BlackElo "2191"]
[Annotator "TA"]
[PlyCount "69"]
[EventDate "2022.05.21"]
[EventType "swiss"]
[EventCountry "UAE"]
[SourceTitle "playchess.com"]
[Source "ChessBase"]
[SourceQuality "1"]
[TimeControl "5400+30"]

1. d4 Nf6 2. c4 e6 3. Nf3 Bb4+ 4. Bd2 a5 5. g3 d5 6. Bg2 O-O 7. Qc1 {[%emt 0:00:57] E11: Bogo-Indian.} c5 {[%emt 0:10:17] 7...Nbd7 is the recent fashion.} 8. dxc5 d4 {[%emt 0:00:08] [#]} 9. O-O $146 {[%emt 0:01:42] White is slightly better.} ({Predecessor:} 9. Bxb4 axb4 10. e3 d3 11. Ne5 Ra5 12. Qd2 Rxc5 13. Nxd3 Rxc4 14. b3 Rc7 15. Nxb4 {½-½ (21) Ren,X (2157)-Ding,Y (2426) China 2016}) 9... Bxc5 10. e3 Nc6 11. exd4 Nxd4 12. Nxd4 Bxd4 13. Be3 e5 14. Nc3 Be6 15. Rd1 Bg4 (15... Bxc4 16. Bxd4 exd4 17. Qf4 $14) (15... Rc8 $11 {keeps the balance.}) 16. Bxd4 $16 Bxd1 (16... exd4 $142 17. f3 Be6) 17. Bxe5 {[%emt 0:15:15] A strong pair of Bishops.} Bh5 18. Qg5 {[%emt 0:04:58] Hoping for Ne4.} Bg6 {[%emt 0:00:55] Prevents Ne4.} 19. Rd1 Qb6 {[%emt 0:03:43] [#]} 20. c5 $1 {[%emt 0:14:56][%mdl 64] Deflection. White is more active.} Qxc5 {[%emt 0:03:49][%mdl 8192] This costs Black the game.} (20... Qxb2 $2 21. Nd5 (21. Bxf6 gxf6 22. Qxf6 Rac8 $15) 21... Qe2 22. Nxf6+ (22. Nc3 Qc2 $11) 22... Kh8 {[#]} 23. Rc1 $1 $18) ({Better is} 20... Qb4 $1 $14) 21. Bxf6 $18 {[%emt 0:00:14][%cal Be5f6,Bf6g5,Bg5e3][%mdl 96] Discovered Attack} ({Inferior is} 21. Bxb7 Ra7 22. Bf3 Nd7 $15) 21... Qxg5 22. Bxg5 h6 23. Be3 ({Stronger than} 23. Bxb7 Ra7 $15) 23... Rfd8 24. Re1 Rd7 25. Bh3 Rdd8 26. a4 Ra6 27. Bf1 Re6 28. Rc1 Rc8 $2 (28... Rc6 {was necessary.} 29. Bg2 Rcc8) 29. Bh3 f5 30. Rd1 {[%emt 0:00:07] Inhibits Rd6.} Re7 31. Rd5 b6 32. Rd6 {[%emt 0:01:38] White is clearly winning.} Kh7 33. Nd5 Re5 34. Nf4 Bf7 35. Nd3 {[%emt 0:00:08] Weighted Error Value: White=0.10 (very precise) /Black=0.37} 1-0

[Event "5th Sharjah Masters 2022"]
[Site "Sharjah"]
[Date "2022.05.25"]
[Round "5.39"]
[White "Ammar, Sedrani"]
[Black "Mammadzada, Gunay"]
[Result "0-1"]
[ECO "B13"]
[WhiteElo "2255"]
[BlackElo "2454"]
[Annotator "TA"]
[PlyCount "54"]
[EventDate "2022.05.21"]
[EventType "swiss"]
[EventCountry "UAE"]
[SourceTitle "playchess.com"]
[Source "ChessBase"]
[SourceQuality "1"]
[TimeControl "5400+30"]

1. d4 d5 2. Bf4 Nf6 3. e3 c5 4. Nc3 cxd4 5. exd4 Bg4 6. Be2 {[%emt 0:02:09] B13: Caro-Kann: Exchange Variation and Panov-Botvinnik Attack.} Bxe2 7. Ncxe2 Nc6 8. c3 {[%emt 0:00:20] The position is equal.} e6 9. Nf3 {[%emt 0:00:08] [#]} Nd7 $146 ({Predecessor:} 9... Be7 10. O-O O-O 11. a4 a6 12. Ne1 Rc8 13. Nd3 Ne4 14. Ng3 Nd6 15. Qg4 g6 {0-1 (33) Zhalmakhanov,R (2414)-Liang,A (2590) Chess.com INT 2021}) 10. O-O Be7 11. a4 O-O 12. Nc1 Rc8 13. Nd3 Na5 14. b4 (14. Re1 $11) 14... Nc4 $15 15. a5 Nf6 16. Qb3 Ne4 17. Rfc1 {[%emt 0:00:20] [#]} (17. Nc5 $15) 17... b6 (17... g5 $1 $19 18. Be5 h5) 18. axb6 axb6 19. Ra7 Bd6 20. Nde5 Qf6 21. g3 (21. Bg3 $17) 21... Qf5 $19 {[%emt 0:00:40] ...g5 is the strong threat.} 22. Kg2 $2 {[%emt 0:00:00] [#]} (22. Qc2 {was called for.}) 22... g5 {[%emt 0:00:54] Black is clearly winning.} 23. Be3 (23. Nxg5 $142 Bxe5 24. dxe5 Nxg5 25. Bxg5 Qxg5 26. Qd1) 23... Bxe5 24. Nxe5 Nxe3+ 25. fxe3 Qf2+ 26. Kh3 f6 (26... f5 $142 27. Qd1 g4+ 28. Nxg4 Ng5+ 29. Kh4 Nf3+ 30. Qxf3 Qxf3 31. Nh6+ Kh8) 27. Ng4 Qf5 {[%emt 0:37:06] Weighted Error Value: White=0.82/Black=0.26 (precise)} 0-1

[Event "5th Sharjah Masters 2022"]
[Site "Sharjah"]
[Date "2022.05.25"]
[Round "5.40"]
[White "Saeed, Ishaq"]
[Black "Injac, Teodora"]
[Result "0-1"]
[ECO "D02"]
[WhiteElo "2397"]
[BlackElo "2384"]
[Annotator "TA"]
[PlyCount "108"]
[EventDate "2022.05.21"]
[EventType "swiss"]
[EventCountry "UAE"]
[SourceTitle "playchess.com"]
[Source "ChessBase"]
[SourceQuality "1"]
[TimeControl "5400+30"]

1. Nf3 d5 2. g3 g6 3. Bg2 Bg7 4. d4 c6 5. O-O Nf6 6. b3 O-O 7. Bb2 {[%emt 0:00:15] D02: 1 d4 d5 2 Nf3 sidelines, including 2...Nf6 3 g3 and 2...Nf6 3 Bf4.} a5 8. a3 Bf5 9. Nbd2 {[%emt 0:09:00] The position is equal.} Ne4 10. Nh4 Nxd2 (10... e6 {seems wilder.} 11. f3 Nxd2 12. Qxd2 c5) 11. Qxd2 Be6 12. Nf3 {[%emt 0:14:53] [#]} h6 $146 ({Predecessor:} 12... Nd7 13. Ng5 Bf5 14. e4 dxe4 15. Nxe4 a4 16. Rfe1 Bxe4 17. Bxe4 axb3 18. cxb3 Nc5 {0-1 (34) Campbell,I (2004)-Norman,K (2185) Guernsey 2013}) 13. Rfe1 a4 14. e4 axb3 15. cxb3 {[%emt 0:00:27] White is on the road to losing.} dxe4 16. Rxe4 Bxb3 17. Rh4 Bd5 (17... h5 $142 18. Re4 (18. Qb4 $2 Bd5 $17) 18... Bd5) 18. Re1 ({Better is} 18. Rxh6 Bxh6 19. Qxh6) 18... Nd7 19. Rxh6 Qa5 20. Rh4 Qxd2 21. Nxd2 e6 22. Bc1 Ra4 23. Nf3 (23. Bxd5 $17 cxd5 24. Nf3) 23... Rfa8 $19 24. Ne5 (24. Bb2 $142) 24... Nxe5 25. dxe5 Rxh4 26. gxh4 Ra4 {[%emt 0:03:21] White must now prevent ...Rg4.} 27. Bxd5 cxd5 {[%emt 0:00:49][%mdl 4096] Endgame KRB-KRB} 28. Kg2 Bf8 ({And not} 28... Rxh4 29. f4 $17) 29. Re3 Bc5 ({Weaker is} 29... Rxh4 30. Rb3 $17) 30. Rb3 {[%emt 0:00:30] [#]} b6 $1 ({Stronger than} 30... Rxh4 31. Rxb7 Rc4 32. Bh6 $17) 31. Kg3 Re4 32. Bb2 Kf8 33. Bc3 Ke8 34. Bb2 Re2 35. f4 Kd7 36. a4 Kc6 37. h3 Re4 38. h5 gxh5 39. Kh4 Rxf4+ 40. Kxh5 d4 41. Bc1 Rf5+ 42. Kg4 Rxe5 43. h4 Re4+ 44. Kh3 Be7 45. h5 Rh4+ 46. Kg3 Rxh5 47. Rd3 Kd5 48. Ba3 {[%emt 0:00:30] [#]} Kc4 $1 {[%emt 0:00:00] Black mates.} 49. Rf3 (49. Rxd4+ Kxd4) 49... Bxa3 50. Rxa3 d3 51. Kf3 Rh3+ 52. Kf2 d2 53. Ra1 Rc3 54. Rd1 Kd3 {[%emt 0:00:00] Weighted Error Value: White=0.56/Black=0.07 (flawless)} 0-1

[Event "5th Sharjah Masters 2022"]
[Site "Sharjah"]
[Date "2022.05.26"]
[Round "6.1"]
[White "Gupta, Abhijeet"]
[Black "Deac, Bogdan-Daniel"]
[Result "0-1"]
[ECO "E05"]
[WhiteElo "2606"]
[BlackElo "2671"]
[Annotator "TA"]
[PlyCount "121"]
[EventDate "2022.05.21"]
[EventType "swiss"]
[EventCountry "UAE"]
[SourceTitle "playchess.com"]
[Source "ChessBase"]
[SourceQuality "1"]
[TimeControl "5400+30"]

1. d4 Nf6 2. c4 e6 3. Nf3 d5 4. g3 Be7 5. Bg2 O-O 6. O-O dxc4 7. Qc2 a6 8. Qxc4 b5 9. Qc2 Bb7 10. Bd2 Be4 11. Qc1 c6 {[%emt 0:00:06][%cal Bc7c6,Bc6c5][%mdl 32] E05: Open Catalan: 5 Nf3 Be7.} 12. a4 Nbd7 13. Nc3 Bg6 {[%emt 0:00:23] The position is equal.} 14. Nh4 Bh5 15. h3 b4 16. Na2 {[%emt 0:01:43] [#]} c5 $146 {[%emt 0:00:59] Strongly threatening ...b3.} (16... Bxe2 17. Re1 Bh5 18. Nxb4 $14) ({Predecessor:} 16... a5 17. g4 Nd5 18. gxh5 Bxh4 19. Qxc6 Rc8 20. Qb5 N7f6 21. Bf3 Qb6 22. Qxb6 Nxb6 {1-0 (39) Donchenko,A (2647)-Gordon,S (2504) Caleta 2020}) 17. Qe1 ({Better is} 17. Bxa8 $11 Qxa8 18. dxc5) 17... a5 18. g4 {[%emt 0:07:48] [#]} (18. Bxa8 $15 Qxa8 19. dxc5) 18... Nd5 $1 $17 19. Nf3 (19. gxh5 Bxh4) 19... Bg6 {[%emt 0:09:50] Black is more active.} 20. Nc1 (20. e4 $17 N5f6 21. Ne5) 20... Be4 $19 21. dxc5 Nxc5 22. Ne5 Bf6 23. Ncd3 Nxd3 24. exd3 Bxg2 ({Inferior is} 24... Bxe5 25. dxe4 Nf4 26. Bxf4 Bxf4 27. Rd1 $17) 25. Kxg2 Nb6 {[%emt 0:00:30] Threatens to win with ...Qd5+.} 26. Bf4 Bxe5 27. Qxe5 Qxd3 {[%emt 0:00:30] And now ...Nc4 would win.} 28. Rfd1 Qg6 29. b3 (29. Rac1 $17) 29... Nd5 30. Be3 (30. Rac1 $142) 30... Rfc8 31. Bd4 Rc6 32. Bb2 (32. Kh2 {was called for.}) 32... f6 33. Qd4 Rd8 34. Kh2 Rdc8 35. Rd2 Rc2 36. Rad1 Rxd2 37. Rxd2 Rc2 38. f3 h5 39. gxh5 (39. Qf2 $142 hxg4 40. fxg4 (40. Rxc2 $2 {is the wrong capture.} g3+ 41. Qxg3 Qxc2+ 42. Qg2 Qxb3 $19) 40... Rxd2 41. Qxd2) 39... Rxd2+ 40. Qxd2 Qxh5 {[%emt 0:00:30][%mdl 4096] Endgame KQB-KQN} 41. Kg3 Qg6+ 42. Kf2 Kf7 43. h4 Qb1 {[%emt 0:00:30] Against Qd1} 44. Kg3 (44. h5 $142) 44... Qg1+ 45. Kh3 Qh1+ 46. Kg3 Qb1 47. Kf2 Kg6 48. Qd4 Qc2+ 49. Kg3 Qxb3 {[%emt 0:00:30] aiming for ...Ne3.} 50. h5+ Kf7 51. Qa7+ Ne7 52. Bd4 Qxa4 ({But not} 52... Qd5 $2 53. Bc5 Qd8 54. Kg2 $19) 53. Bc5 Qe8 54. Kg2 (54. Kf2 {was necessary.}) 54... b3 {[%emt 0:00:30] White must now prevent ...b2. Black is clearly winning.} 55. Ba3 a4 56. Qb7 Qd8 57. Kf2 Ke8 58. Qb5+ Qd7 59. Qb8+ Kf7 60. Qb4 {[%emt 0:00:30] [#]} Kg8 $1 61. Qg4 {[%emt 0:00:30] Weighted Error Value: White=0.48/Black=0.22 (precise)} (61. Qe4 Nf5) 0-1

[Event "5th Sharjah Masters 2022"]
[Site "Sharjah"]
[Date "2022.05.26"]
[Round "6.2"]
[White "Tabatabaei, M. Amin"]
[Black "Salem, A.R. Saleh"]
[Result "0-1"]
[ECO "E66"]
[WhiteElo "2650"]
[BlackElo "2690"]
[Annotator "TA"]
[PlyCount "128"]
[EventDate "2022.05.21"]
[EventType "swiss"]
[EventCountry "UAE"]
[SourceTitle "playchess.com"]
[Source "ChessBase"]
[SourceQuality "1"]
[TimeControl "5400+30"]

1. d4 Nf6 2. c4 g6 3. g3 Bg7 4. Bg2 O-O 5. Nc3 d6 6. Nf3 Nc6 7. d5 Na5 8. b3 c5 9. Bb2 a6 10. O-O Rb8 11. Nd2 {[%emt 0:00:24] 11.a4 is the modern continuation.} b5 12. Qc2 Re8 {[%emt 0:07:49] E66: King's Indian: Fianchetto: 6...c5 7 0-0 Nc6 8 d5.} 13. e4 e6 14. Nd1 bxc4 {[%emt 0:09:41] The position is equal.} 15. bxc4 exd5 16. cxd5 Bd7 $1 17. Nc3 Ng4 18. Rab1 Ne5 19. Ba1 {[%emt 0:01:21] [#]} Rxb1 $146 ({Predecessor:} 19... Bb5 20. Nxb5 axb5 21. Rfe1 c4 22. Bf1 b4 23. Bxe5 Bxe5 24. Bxc4 Qb6 25. Qd3 Rec8 {1-0 (65) Rapp,U (2097)-Knorpp,R (2130) Wuerttemberg 2000}) 20. Rxb1 Nac4 21. Nxc4 Nxc4 22. Qe2 Na3 23. Rb7 Bd4 (23... Bc8 24. Rb3 Nb5 25. Nxb5 Bxa1 26. Na7 $14) 24. Bb2 (24. Bf1 $11) 24... Nb5 $1 $36 {[%emt 0:05:53][%mdl 2048] Black has some pressure.} 25. Nxb5 (25. Qd2 $1 $15) 25... Bxb5 $17 26. Qf3 f5 {[%emt 0:05:40] Active counter play!} (26... Re7 27. Rxe7 Qxe7 28. Bxd4 cxd4 29. Bf1 $17) 27. Bxd4 (27. a4 $17 {was forced.} Qc8 28. Ra7) 27... cxd4 $19 28. Bf1 Qc8 ({Stronger than} 28... Rxe4 29. Bxb5 axb5 30. Qd3 $11) 29. Bxb5 axb5 {[%emt 0:00:01][%mdl 4096] Endgame KQR-KQR} 30. Ra7 Qc3 ({Worse is} 30... Rxe4 31. Qa3 Qc5 32. Qxc5 dxc5 33. d6 $15) 31. Qf4 Qe1+ 32. Kg2 Qxe4+ 33. Qxe4 Rxe4 {[%emt 0:02:20] KR-KR} ({Inferior is} 33... fxe4 34. a4 $17) 34. Ra3 Re5 ({Better is} 34... g5 $19 {...Kg7 is the strong threat.} 35. Rb3 Re2 36. Rxb5 Rxa2) 35. Kf1 $17 g5 36. Ra5 Rxd5 37. a4 $2 {[%emt 0:00:10] [#]} (37. Ke2 $17) 37... Kf7 $1 $19 38. axb5 Ke6 39. Ke2 Ke5 40. f3 $2 (40. h3) 40... h5 41. Kd3 Rc5 42. f4+ $2 (42. Kd2) 42... gxf4 43. gxf4+ Kd5 44. h4 Rc3+ 45. Kd2 {[%emt 0:00:05] [#]} Ke4 $1 46. Ra8 Rb3 47. Rb8 d3 48. b6 Kd4 (48... Rb1 $142 {White must now prevent ...Rb2+.} 49. b7 Kd4) 49. b7 (49. Kc1 $19 Ke3 50. Re8+ Kxf4 51. Rb8) 49... Rb1 50. Rd8 Rb2+ 51. Kd1 Rxb7 52. Rxd6+ Ke3 53. Re6+ Kxf4 54. Kd2 Rb3 55. Rh6 Kg4 56. Rg6+ Kf3 57. Rh6 Kg4 (57... f4 $19 58. Rxh5 Ke4) 58. Rg6+ $1 Kxh4 {[%emt 0:00:06] Black mates.} 59. Ke3 Rb1 60. Kxd3 Re1 61. Kd2 Re5 62. Rg8 f4 63. Rf8 Kg3 64. Rg8+ Kf2 {[%emt 0:00:10] Weighted Error Value: White=0.45/Black=0.35} 0-1

[Event "5th Sharjah Masters 2022"]
[Site "Sharjah"]
[Date "2022.05.26"]
[Round "6.3"]
[White "Abdusattorov, Nodirbek"]
[Black "Petrosyan, Manuel"]
[Result "1-0"]
[ECO "C50"]
[WhiteElo "2661"]
[BlackElo "2638"]
[Annotator "TA"]
[PlyCount "93"]
[EventDate "2022.05.21"]
[EventType "swiss"]
[EventCountry "UAE"]
[SourceTitle "playchess.com"]
[Source "ChessBase"]
[SourceQuality "1"]
[TimeControl "5400+30"]

1. e4 e5 2. Nf3 Nc6 3. Bc4 Bc5 4. Nc3 Nf6 5. d3 d6 6. Na4 Bb6 {[%emt 0:03:16] C50: Hungarian Defence and Giuoco Pianissimo.} 7. a3 Qe7 8. O-O O-O {[%emt 0:01:34] [#] White has an edge.} 9. b4 $146 ({Predecessor:} 9. c3 Be6 10. Bxe6 Qxe6 11. b4 Ne7 12. Re1 Ng6 13. Bd2 Nd7 14. d4 c6 15. Qc2 {0-1 (47) Popov,I (2600)-Alekseenko,K (2636) Sochi 2019}) 9... a6 10. Nxb6 cxb6 11. Bg5 b5 12. Ba2 h6 13. Be3 Be6 14. c3 (14. Nd2 $11 {should be considered.}) 14... Rfe8 15. Qe2 d5 16. exd5 Nxd5 17. Bxd5 Bxd5 18. Nd2 f5 19. Rfe1 Qf6 20. f3 Bf7 21. Bf2 Rad8 22. Rad1 Rd7 23. Nf1 Red8 24. Ng3 h5 25. h3 h4 (25... Bb3 $15 26. Rb1 Bf7) 26. Nf1 $11 g5 27. Bc5 Kh7 28. Ne3 Kg6 29. Qc2 Be6 30. Bb6 Rc8 31. d4 exd4 32. Ng4 Qf7 33. cxd4 {[%emt 0:01:37] aiming for Ne5+.} Rd5 34. Qb1 Re8 35. Kh2 Rd7 36. Ne5+ Nxe5 37. dxe5 Rxd1 38. Rxd1 Bd5 39. Qb2 Bc6 {[%emt 0:00:04] [#]} (39... Qe6 $11) 40. Bd8 $1 $16 {[%emt 0:00:43] Hoping for Bf6.} g4 $2 (40... Bd5 $16 41. Qd4 Bc6) 41. Bf6 gxf3 (41... g3+ $142 42. Kg1 Re6 43. Bxh4 Qg7 44. Bxg3 Kh7) 42. gxf3 $18 Rg8 43. Qf2 Qc4 (43... f4 {keeps fighting.} 44. Rg1+ Kf5 45. Qc2+ Ke6) 44. Rd4 Qb3 45. Rd8 $2 ({Less strong is} 45. Rf4 Bd5 $16) ({Only move:} 45. Qd2 $18 {Qg5+ would kill now.} Kf7 46. Qh6) 45... Bd5 $2 {[%emt 0:00:38][%mdl 8192] [#]} (45... Rxd8 $2 46. Qg2+ (46. Bxd8 f4 $11) 46... Kf7 47. Qg7+ Ke6 48. Qe7+ Kd5 49. Qf7+ Kd4 50. Qxb3 $18) (45... f4 $14) 46. Rxg8+ Bxg8 47. Qg2+ {[%emt 0:00:04] Weighted Error Value: White=0.21 (precise) /Black=0.45} 1-0

[Event "5th Sharjah Masters 2022"]
[Site "Sharjah"]
[Date "2022.05.26"]
[Round "6.4"]
[White "Yilmaz, Mustafa"]
[Black "Martirosyan, Haik M."]
[Result "1/2-1/2"]
[ECO "D36"]
[WhiteElo "2631"]
[BlackElo "2652"]
[Annotator "TA"]
[PlyCount "123"]
[EventDate "2022.05.21"]
[EventType "swiss"]
[EventCountry "UAE"]
[SourceTitle "playchess.com"]
[Source "ChessBase"]
[SourceQuality "1"]
[TimeControl "5400+30"]

1. Nf3 d5 2. d4 Nf6 3. c4 e6 4. Nc3 Nbd7 5. cxd5 exd5 6. Bg5 c6 7. Qc2 Be7 8. e3 h6 9. Bh4 O-O 10. Bd3 Re8 11. O-O Ne4 12. Bxe4 ({Don't go for} 12. Nxe4 $2 dxe4 13. Bxe4 (13. Bxe7 $2 Qxe7 14. Bxe4 Qxe4 $19) 13... Bxh4 $19) 12... Bxh4 {[%emt 0:00:08] D36: Queen's Gambit Declined: Exchange Variation: Main line (5 Bg5 c6 6 Qc2).} 13. Bh7+ Kf8 14. Nxh4 Qxh4 {[%emt 0:00:11] White is slightly better.} 15. Bd3 Qe7 {[%emt 0:00:15] [#]} 16. Rfe1 $146 ({Predecessor:} 16. a3 Nb6 17. Ne2 Bg4 18. Nf4 Nc8 19. Rfe1 g5 20. Ne2 Bxe2 21. Rxe2 Qd8 22. f3 {½-½ (52) Boreika,V (2211)-Viskontas,J (2185) ICCF email 2020}) 16... Nf6 17. f3 Bd7 18. Rad1 c5 19. Bf1 Bc6 20. dxc5 Qxc5 21. Qd3 Qb4 22. Rd2 Qh4 23. Rdd1 Qb4 24. Rd2 Qh4 25. Ree2 a5 26. Qd4 Qxd4 27. Rxd4 Re5 28. Kf2 Rae8 29. Re1 g5 30. g3 h5 31. h4 g4 32. f4 Ne4+ 33. Nxe4 Rxe4 34. Rdd1 Rb4 35. Rd2 Ke7 36. Rc1 Kd6 37. Bg2 f5 38. Rc3 Rb5 39. Rdc2 Rb6 40. Bf1 Bd7 41. Rd2 Be6 42. Ra3 Ra8 $1 43. Bg2 (43. Ra4 $5 ) 43... Rb5 44. e4 fxe4 45. Bxe4 Bf7 46. Re3 Rc5 47. Bf5 b5 48. Re5 b4 49. Bd3 Ra7 50. Ke3 {[%emt 0:01:47] White is more active.} (50. Rg5 $1 $14) 50... Rc1 51. Be4 Kc5 52. Rc2+ (52. Ke2 {is more complex.} Rd7 53. b3 Rc3 54. Kf2) 52... Rxc2 {[%emt 0:00:06] The position is equal.} 53. Bxc2 $11 {[%emt 0:00:01][%mdl 4096] Endgame KRB-KRB} a4 54. a3 bxa3 55. bxa3 Rb7 56. Kd2 Kd4 57. Re3 ({Don't play} 57. Bxa4 Bg6 58. Be8 Bxe8 59. Rxe8 Rb3 $15) 57... Rb2 {[%emt 0:00:56][%cal Ob2c2] [#] ( -> ...Rxc2+!)} 58. Rd3+ Kc4 59. Rc3+ Kd4 {[%emt 0:00:07] Strongly threatening ...Bg6.} 60. Rd3+ Kc4 61. Rc3+ Kd4 {[%emt 0:00:01] [#] Hoping for ...Bg6.} 62. Rd3+ {[%emt 0:02:52] Weighted Error Value: White=0.06 (flawless) /Black=0.06 (flawless)} 1/2-1/2

[Event "5th Sharjah Masters 2022"]
[Site "Sharjah"]
[Date "2022.05.26"]
[Round "6.5"]
[White "Idani, Pouya"]
[Black "Sarana, Alexey"]
[Result "1/2-1/2"]
[ECO "B90"]
[WhiteElo "2635"]
[BlackElo "2675"]
[Annotator "TA"]
[PlyCount "95"]
[EventDate "2022.05.21"]
[EventType "swiss"]
[EventCountry "UAE"]
[SourceTitle "playchess.com"]
[Source "ChessBase"]
[SourceQuality "1"]
[TimeControl "5400+30"]

1. e4 c5 2. Nf3 d6 3. d4 cxd4 4. Nxd4 Nf6 5. Nc3 a6 6. Be3 e5 7. Nb3 Be6 8. Qd2 Nbd7 $1 {[%emt 0:00:54] 8...Nbd7 is better than 8...Be7.} 9. f4 Rc8 {[%emt 0:06:59] B90: Sicilian Najdorf: Unusual White 6th moves, 6 Be3 Ng4 and 6 Be3 e5.} (9... b5 $1 $11) 10. f5 $14 {[%emt 0:00:19] is the legacy move (10.0-0-0).} Bc4 11. Bxc4 Rxc4 {[%emt 0:00:02] White is slightly better.} 12. Qd3 Qc8 13. O-O-O {[%emt 0:01:49] [#]} Be7 $146 ({Predecessor:} 13... b5 14. Nd2 Rc7 15. Kb1 Be7 16. Rhg1 b4 17. Nd5 Nxd5 18. exd5 Qb7 19. g4 Qb5 {½-½ (36) Abolins Abols,D (2128)-Milde,L (2257) ICCF email 2017}) 14. Kb1 b5 (14... Rxc3 $1 $11 15. bxc3 Qc6) 15. Na5 {[%emt 0:07:55] [#]} (15. Nd2 $1 $14) 15... Rxc3 $1 $15 16. Qxc3 Qxc3 17. bxc3 Nxe4 {[%emt 0:00:05] Pair of Knights!} 18. Kb2 Ndc5 19. Bxc5 Nxc5 20. Nc6 f6 21. Rhe1 Kd7 22. Nb4 Rc8 23. Re3 Na4+ 24. Kb3 a5 25. Nd5 Rc4 26. Rh3 $1 h6 27. g3 Nc5+ 28. Kb2 Na4+ 29. Kb3 $1 Nc5+ 30. Ka3 Ra4+ 31. Kb2 Re4 32. Rh4 Re2 33. a3 Rf2 34. c4 b4 (34... bxc4 $14 35. Rxc4 Rxh2) 35. axb4 $16 axb4 36. Nxb4 Na4+ 37. Kb3 Nc5+ 38. Kb2 Na4+ $1 39. Ka3 Nc5 40. Ra1 Rxf5 41. Kb2 Rf3 (41... Bf8 $16 {might work better.}) 42. Ra7+ ({White should try} 42. Nd5 $18 {aiming for Ra7+.} Ke8 43. Ra8+ Bd8 44. Nb4) 42... Ke8 43. Nd5 Bf8 {[%emt 0:00:02] [#]} 44. g4 $1 {[%emt 0:01:01] White is more active.} e4 45. Nc7+ (45. Rh5 $16) 45... Kd8 {[%emt 0:04:01] Strongly threatening ...e3.} 46. Nd5 Ke8 47. Nc7+ Kd8 {[%emt 0:02:23] [#] Hoping for ...e3.} 48. Nd5 {[%emt 0:00:37] Weighted Error Value: White=0.18 (very precise) /Black=0.12 (very precise)} ({White should play} 48. Kc1 $1 $16) 1/2-1/2

[Event "5th Sharjah Masters 2022"]
[Site "Sharjah"]
[Date "2022.05.26"]
[Round "6.6"]
[White "Niemann, Hans Moke"]
[Black "Muradli, Mahammad"]
[Result "1-0"]
[ECO "D31"]
[WhiteElo "2656"]
[BlackElo "2539"]
[Annotator "TA"]
[PlyCount "61"]
[EventDate "2022.05.21"]
[EventType "swiss"]
[EventCountry "UAE"]
[SourceTitle "playchess.com"]
[Source "ChessBase"]
[SourceQuality "1"]
[TimeControl "5400+30"]

1. d4 d5 2. c4 e6 3. Nc3 a6 4. cxd5 exd5 5. Nf3 c6 6. Qb3 {[%emt 0:01:36] D31: Queen's Gambit Declined: Semi-Slav without ...Nf6 (+ Marshall Gambit and Noteboom) and Exchange Variation lines without ...Nf6.} Bd6 7. e4 dxe4 8. Ng5 ({White should play} 8. Nxe4 $16 {Bc4 is the strong threat.} Qe7 9. Qe3) 8... Nh6 $1 $11 {[%emt 0:03:40] [#]} 9. Be3 $146 ({Predecessor:} 9. Ngxe4 Nf5 10. Bc4 O-O 11. Be3 b5 12. Bd3 Be6 13. Qd1 Nxe3 14. fxe3 Qh4+ 15. g3 {1-0 (32) Sarana,A (2654)-David,A (2428) Chess.com INT 2020}) 9... O-O 10. O-O-O Ng4 (10... Be7 $11 11. Ngxe4 (11. Ncxe4 Nd7 $11) 11... Nf5) 11. Ncxe4 $14 {[%emt 0:04:00][%cal Og5f7] Threatens to win with Nxf7!} Nxe3 12. fxe3 {[%emt 0:02:51][%cal Og5f7] Black must now prevent Nxf7!} b5 13. Bd3 $1 $36 {[%emt 0:06:31][%mdl 2048] Black is under pressure.} Be7 $1 14. h4 g6 15. Rdf1 {[%emt 0:03:12][%cal Rf1f7] 0x0.0008421a0beadp-1022s more active pieces.} Qd5 16. Qxd5 cxd5 17. Nf6+ Bxf6 18. Rxf6 Ra7 19. h5 h6 20. Nf3 Kg7 21. Rd6 Rd7 22. Rxd7 (22. Rb6 $16 Rb7 23. Rxb7 Bxb7 24. Nh4) 22... Nxd7 (22... Bxd7 $14 23. Nh4 g5 24. Nf5+ Bxf5 25. Bxf5 Nc6) 23. Nh4 $16 Re8 (23... gxh5 $16 24. Nf5+ Kg6) 24. hxg6 $18 Nf8 (24... fxg6 $142 25. Kd2 (25. Bxg6 Rf8 $16) (25. Nxg6 Nf8 $16) 25... Nf8) 25. Kd2 (25. gxf7 $18 {and the rest is easy.} Rd8 26. Kd2) 25... Nxg6 $16 26. Nxg6 fxg6 {[%emt 0:00:01] KRB-KRB} 27. Rc1 Bg4 (27... h5 $16 {was called for.}) 28. Rc7+ $18 {[%emt 0:00:56] White is clearly better.} Kf6 {[%emt 0:00:05] [#]} 29. Rc5 $1 Be6 30. Rc6 Ra8 {[%emt 0:00:01] [#]} (30... b4 $16 31. Rxa6 (31. Bxa6 Ke7 $16) 31... h5) 31. e4 $1 {[%emt 0:00:21] Weighted Error Value: White=0.18 (very precise) /Black=0.22 (precise)} 1-0